 Dungeon Crawl Stone Soup version 0.29.1-1-gd02db6906a (webtiles) character file.

Game seed: 11228231339063183568

17735 Jakudza the Stormcaller (level 12, -4/68 HPs)
             Began as a Tengu Air Elementalist on Sept 28, 2022.
             Was an Elder of Vehumet.
             Slain by an orc warlord
             ... wielding a +0 great mace
              (24 damage)
             ... on level 2 of the Orcish Mines.
             The game lasted 00:57:01 (15787 turns).

Jakudza the Stormcaller (Tengu Air Elementalist)   Turns: 15787, Time: 00:57:02

Health: -4/68      AC:  3    Str:  9    XL:     12   Next: 51%
Magic:  16/20      EV: 20    Int: 25    God:    Vehumet [****..]
Gold:   1154       SH:  0    Dex: 16    Spells: 4/21 levels left

rFire   . . .      SeeInvis .   r - +9 whip of Pestilence {freeze, rElec rPois}
rCold   . . .      Faith    .   (no shield)
rNeg    . . .      Spirit   .   (no body armour)
rPois   +          Reflect  .   (helmet restricted)
rElec   +          Harm     .   (no cloak)
rCorr   .          Rampage  .   h - +2 pair of gloves
Will    .....                   (boots unavailable)
Stlth   ++........              i - amulet of the acrobat
HPRegen 0.21/turn               k - +6 ring of intelligence
MPRegen 0.17/turn               B - ring of wizardry

@: flying quickly and evasively, studying Throwing, quick
A: beak, talons 3, nimble flight
a: Renounce Religion


You were on level 2 of the Orcish Mines.
You worshipped Vehumet.
Vehumet was greatly pleased with you.
You visited 3 branches of the dungeon, and saw 11 of its levels.
You also visited: Sewer and Ossuary.

You collected 1154 gold pieces.

Inventory:

Hand Weapons
 r - the +9 whip of Pestilence (weapon) {freeze, rElec rPois}
   (You found it on level 6 of the Dungeon)

   It freezes those it strikes, dealing additional cold damage.
   It can also slow down cold-blooded creatures.
   rElec:     It insulates you from electricity.
   rPois:     It protects you from poison.
Armour
 g - a +2 robe of the Archmagi
 h - a +2 pair of gloves (worn)
Jewellery
 i - an amulet of the acrobat (around neck)
 k - a +6 ring of intelligence (left hand)
 l - a ring of see invisible
 B - a ring of wizardry (right hand)
Wands
 n - a wand of digging (1)
 p - a wand of flame (25)
 q - a wand of paralysis (28)
 v - a wand of roots (2)
Scrolls
 j - 2 scrolls of fog
 s - 6 scrolls of teleportation
 x - 2 scrolls of magic mapping
Potions
 e - a potion of cancellation {unknown}
 f - 2 potions of brilliance
 m - 2 potions of curing
 o - a potion of haste
 z - a potion of lignification {unknown}
 A - a potion of flight {unknown}


   Skills:
 - Level 5.0 Fighting
 + Level 9.7 Dodging
 - Level 2.1 Stealth
 - Level 5.0 Spellcasting
 + Level 11.3 Conjurations
 + Level 8.7 Fire Magic
 * Level 16.1 Air Magic


You had 4 spell levels left.
You knew the following spells:

 Your Spells              Type           Power      Damage    Failure   Level
a - Shock                 Conj/Air       100%       1d9       1%          1
b - Static Discharge      Conj/Air       66%        3-12/arc  1%          2
d - Airstrike             Air            36%        2d(6-22)  1%          4
e - Iskenderun's Mystic   Conj/Tloc      34%        2d8       1%          4
f - Starburst             Conj/Fire      27%        6d9       2%          6

Your spell library contained the following spells:

 Spells                   Type           Power      Damage    Failure   Level
 Lightning Bolt           Conj/Air       33%        1d50      1%          5
 Magic Dart               Conj           100%       1d8       1%          1
 Sandblast                Erth           12%        2d6       1%          1
 Poisonous Vapours        Pois/Air       92%        N/A       1%          2
 Dazzling Flash           Conj/Hex       68%        N/A       1%          3
 Mephitic Cloud           Conj/Pois/Air  51%        N/A       1%          3
 Stone Arrow              Conj/Erth      68%        3d11      1%          3
 Swiftness                Air            72%        N/A       1%          3
 Corpse Rot               Necr/Pois/Air  33%        N/A       3%          4
 Call Imp                 Summ           6%         N/A       4%          2
 Passwall                 Tmut/Erth      5%         N/A       4%          2


Dungeon Overview and Level Annotations

Branches:
Dungeon (9/15)             Temple (1/1) D:6            Lair (0/5) D:8
    Orc (2/2) D:9             Elf (0/3) Orc:2         Sewer (visited)
Ossuary (visited)

Altars:
Ashenzari
Fedhas
Kikubaaqudgha
Nemelex Xobeh
Uskayaw
Vehumet
Wu Jian
Xom

Shops:
Orc:2 =

Annotations:
D:8 4 runed translucent doors


Innate Abilities, Weirdness & Mutations

You have a beak for a mouth.
You have claws for feet.
Your magical nature lets you fly swiftly and evasively.


Message History

The orc warlord is heavily wounded.
The orc warlord unwields a +0 great mace.
The orc warlord wields a +0 arbalest.
The orc warlord shoots a bolt.
The bolt hits you but does no damage.
Casting: Airstrike (safe; 1% risk of failure)
Confirm with . or Enter, or press ? or * to list all spells.
Aiming: Airstrike (safe; 1% risk of failure)
Press: ? - help, Dir - move target, f/p - orc warlord
Aim: an orc warlord, wielding a +0 arbalest and wearing a +0 chain mail (heavily wounded, empty space bonus: 7/8)
The air twists around and strikes the orc warlord.
The orc warlord is heavily wounded.
Casting: Airstrike (safe; 1% risk of failure)
Confirm with . or Enter, or press ? or * to list all spells.
You don't have enough magic to cast this spell.
The orc warlord shoots a bolt.
The bolt completely misses you.
The orc warlord unwields a +0 arbalest.
The orc warlord wields a +0 great mace.
The orc warlord hits you with a +0 great mace!
Things that are here:
a +0 chain mail; a +0 short sword Magic courses through your body.
The orc warlord hits you with a +0 great mace!
Casting: Airstrike (safe; 1% risk of failure)
Confirm with . or Enter, or press ? or * to list all spells.
The orc warlord is struck by an arc of lightning!
The orc warlord is heavily wounded.
You resist.
You are struck by an arc of lightning.
The orc warlord hits you with a +0 great mace!!
* * * LOW HITPOINT WARNING * * *
You feel better. The orc warlord completely misses you.
Casting: Static Discharge (safe; 1% risk of failure)
Confirm with . or Enter, or press ? or * to list all spells.
The orc warlord is struck by an arc of lightning!
The orc warlord is heavily wounded.
You resist.
You are struck by an arc of lightning.
* * * LOW HITPOINT WARNING * * *
The orc warlord is struck by an arc of lightning!
The orc warlord is severely wounded.
The lightning grounds out.
The orc warlord hits you with a +0 great mace!!
You die...

#### #####..........##
#.##............##
#.....###........##
##..).[.###........#
#.#..<[.####......##
####[..[.#.......##
#..).[.[......##
###[)[[.)....## #.[)@.....##
##.)(o...## ####
####).[..### .#.#
#.#.[[)[[#.## .#.##
####....#..>#..## ).).###
##.#.[[.[#.[.....##
o.....###..[).)###...[....##
....[..#.[o[....####[[.....#
.).)[o[.##.#.[...#........##


You could see an orc warlord.

Vanquished Creatures
  An ettin (Orc:2)
  4 orc high priests (Orc:2)
  3 orc knights (Orc:2)
  An ugly thing (D:8)
  4 orc sorcerers (Orc:2)
  A cyclops (Orc:1)
  The ghost of Linkola the Covered, an amateur MiFi of Wu Jian (D:7)
  2 hornets
  2 trolls
  Prince Ribbit (D:5)
  4 wyverns (D:8)
  5 yaks
  A vampire mosquito (D:8)
  2 wargs
  Menkaure (D:7)
  6 water moccasins
  27 orc warriors
  An ice beast (D:6)
  2 black bears
  7 ogres
  4 wolves (D:8)
  2 centaurs
  2 phantoms (D:4)
  2 kobold brigands (D:9)
  6 scorpions
  3 bullfrogs (D:7)
  4 wights (D:8)
  10 killer bees
  6 howler monkeys
  2 hounds
  A gnoll bouda (Orc:1)
  A human zombie (Ossuary)
  21 orc priests
  8 iguanas
  20 orc wizards
  4 mummies (Ossuary)
  A howler monkey skeleton (D:7)
  19 gnolls
  6 adders
  2 river rats (D:5)
  A shadow imp (D:6)
  2 white imps
  2 howler monkey simulacra (D:7)
  2 ufetubi (D:6)
  2 adder zombies (Ossuary)
  A worm (D:5)
  2 dart slugs
  50 orcs
  3 ball pythons
  6 endoplasms
  4 giant cockroaches
  12 goblins
  8 hobgoblins
  6 jackals
  18 kobolds
  3 quokkas (D:2)
  9 bats
  3 frilled lizards
  A gnoll zombie (Ossuary)
  2 jackal zombies (Ossuary)
  2 kobold zombies (Ossuary)
  An orc zombie (Ossuary)
  7 rats
  3 rat zombies (Ossuary)
350 creatures vanquished.

Vanquished Creatures (collateral kills)
  A jelly (D:8)
1 creature vanquished.

Vanquished Creatures (others)
  A howler monkey zombie (D:7)
  A fungus (D:8)
  7 plants (D:8)
9 creatures vanquished.

Grand Total: 360 creatures vanquished

Notes
Turn   | Place    | Note
-------+----------+-------------------------------------------
     0 | D:1      | Jakudza the Tengu Air Elementalist began the quest for the
                  | Orb.
     0 | D:1      | Reached XP level 1. HP: 10/10 MP: 4/4
   243 | D:1      | Reached XP level 2. HP: 15/15 MP: 0/6
  1107 | D:2      | Reached XP level 3. HP: 19/19 MP: 5/7
  1362 | D:2      | Learned a level 2 spell: Static Discharge
  1516 | D:2      | Reached XP level 4. HP: 24/24 MP: 6/9
  1884 | D:2      | Reached skill level 1 in Fighting
  2085 | D:2      | You fall into a shaft and drop 2 floors!
  2086 | D:4      | Noticed a phantom
  2149 | D:4      | Killed a phantom
  2150 | D:4      | Reached skill level 5 in Air Magic
  2150 | D:4      | Gained mutation: Your magical nature lets you fly swiftly
                  | and evasively. [Tengu growth]
  2150 | D:4      | Reached XP level 5. HP: 8/29 MP: 3/10
  2723 | D:4      | Noticed a phantom
  2735 | D:4      | Killed a phantom
  2736 | D:4      | Reached XP level 6. HP: 21/35 MP: 4/12
  2928 | D:4      | Reached skill level 6 in Air Magic
  3102 | D:4      | Noticed a +0 short sword
  3102 | D:4      | Noticed a +0 spear
  3105 | D:4      | Found a sparkling altar of Nemelex Xobeh.
  3117 | D:4      | Noticed a +0 short sword
  3117 | D:4      | Noticed a +0 falchion
  3118 | D:4      | Noticed a +0 spear
  3119 | D:4      | Noticed a +0 falchion
  3120 | D:4      | Noticed a +0 dagger
  3120 | D:4      | Noticed a +0 dagger
  3132 | D:4      | Found a hide-covered altar of Uskayaw.
  3528 | D:5      | Entered Level 5 of the Dungeon
  3660 | D:5      | Reached XP level 7. HP: 25/40 MP: 9/13
  3854 | D:5      | Found a glowing drain.
  3858 | Sewer    | Entered a sewer
  4419 | D:5      | Noticed Prince Ribbit
  4423 | D:5      | Killed Prince Ribbit
  4424 | D:5      | Reached skill level 7 in Air Magic
  4506 | D:5      | Reached XP level 8. HP: 39/46 MP: 7/15
  5063 | D:6      | Learned a level 6 spell: Starburst
  5082 | D:6      | Identified the +9 whip of Pestilence {freeze, rElec rPois}
  5099 | D:5      | Learned a level 4 spell: Airstrike
  5105 | D:6      | Reached skill level 5 in Spellcasting
  5105 | D:6      | Reached skill level 8 in Air Magic
  5108 | D:6      | Noticed a yak
  5363 | D:6      | Reached skill level 1 in Fire Magic
  5365 | D:6      | Killed a yak
  5366 | D:6      | Reached skill level 5 in Conjurations
  5626 | D:6      | Reached skill level 5 in Dodging
  5626 | D:6      | Reached XP level 9. HP: 51/52 MP: 7/17
  5844 | D:6      | Reached skill level 9 in Air Magic
  5896 | D:6      | Found a staircase to the Ecumenical Temple.
  5915 | Temple   | Entered the Ecumenical Temple
  5923 | Temple   | Became a worshipper of Vehumet
  6059 | D:7      | Noticed Menkaure
  6063 | D:7      | Killed Menkaure
  6164 | D:7      | Found a runed translucent gate.
  6164 | D:7      | Found a runed translucent gate.
  6164 | D:7      | Found a runed translucent gate.
  6166 | D:7      | Noticed Linkola's ghost (amateur MiFi)
  6176 | D:7      | Killed Linkola's ghost
  6341 | D:7      | Learned a level 4 spell: Iskenderun's Mystic Blast
  6578 | D:7      | Reached skill level 10 in Air Magic
  6581 | D:7      | Reached skill level 5 in Fighting
  6930 | D:7      | Reached XP level 10. HP: 50/59 MP: 13/18
  6957 | D:7      | Reached skill level 11 in Air Magic
  7017 | D:7      | Reached * piety under Vehumet
  7017 | D:7      | Offered knowledge of Freeze by Vehumet.
  7815 | D:8      | Reached skill level 5 in Fire Magic
  7937 | D:8      | Found a large runed translucent door.
  7937 | D:8      | Found a large runed translucent door.
  7941 | D:8      | Noticed a deep elf pyromancer
  7942 | D:8      | Noticed a manticore
  7948 | D:8      | Found a large runed translucent door.
  7948 | D:8      | Found a large runed translucent door.
  8035 | D:8      | Reached skill level 12 in Air Magic
  8035 | D:8      | Found a sand-covered staircase.
  8045 | Ossuary  | Entered an ossuary
  8057 | Ossuary  | Offered knowledge of Foxfire by Vehumet.
  8070 | Ossuary  | Reached ** piety under Vehumet
  9124 | D:8      | Found a staircase to the Lair.
  9283 | D:8      | Noticed a green ugly thing
  9287 | D:8      | Killed a green ugly thing
  9288 | D:8      | Reached skill level 13 in Air Magic
  9288 | D:8      | Reached XP level 11. HP: 51/63 MP: 14/19
  9389 | D:8      | Identified the +1 ring mail of Imperfection {+Blink Dex+3
                  | Slay-5}
  9710 | D:9      | Offered knowledge of Searing Ray by Vehumet.
  9913 | D:9      | Found a blossoming altar of Fedhas.
  9913 | D:9      | Found an ancient bone altar of Kikubaaqudgha.
  9981 | D:9      | Reached *** piety under Vehumet
 10047 | D:9      | Found a staircase to the Orcish Mines.
 10424 | Orc:1    | Entered Level 1 of the Orcish Mines
 11085 | Orc:1    | Offered knowledge of Fulminant Prism by Vehumet.
 11385 | Orc:1    | Learned a level 3 spell: Stone Arrow
 11392 | Orc:1    | Learned a level 6 spell: Starburst
 11792 | Orc:1    | Noticed a cyclops
 11796 | Orc:1    | Killed a cyclops
 12261 | Orc:2    | Entered Level 2 of the Orcish Mines
 12261 | Orc:2    | Noticed an ettin
 12268 | Orc:2    | Killed an ettin
 12269 | Orc:2    | Reached skill level 14 in Air Magic
 12278 | Orc:2    | Noticed an orc sorcerer
 12470 | Orc:2    | Noticed a sun demon
 12472 | Orc:2    | Killed an orc sorcerer
 12838 | Orc:2    | Found a staircase to the Elven Halls.
 12983 | Orc:2    | Reached skill level 10 in Conjurations
 13144 | Orc:2    | Reached **** piety under Vehumet
 13220 | Orc:2    | Noticed an orc high priest
 13224 | Orc:2    | Noticed a sixfirhy
 13225 | Orc:2    | Killed an orc high priest
 13284 | Orc:2    | Offered knowledge of Lightning Bolt by Vehumet.
 13406 | Orc:2    | Noticed an orc sorcerer
 13408 | Orc:2    | Killed an orc sorcerer
 13500 | Orc:2    | Noticed an orc knight
 13503 | Orc:2    | Noticed an orc sorcerer
 13615 | Orc:2    | Killed an orc knight
 13616 | Orc:2    | Reached skill level 15 in Air Magic
 13616 | Orc:2    | Reached XP level 12. HP: 32/68 MP: 15/20
 13669 | Orc:2    | Noticed an orc high priest
 13790 | Orc:2    | Killed an orc high priest
 13959 | Orc:2    | Found Teng's Jewellery Emporium.
 15130 | Orc:2    | Noticed an orc high priest
 15329 | Orc:2    | Killed an orc high priest
 15451 | Orc:2    | Noticed an orc high priest
 15458 | Orc:2    | Killed an orc high priest
 15459 | Orc:2    | Reached skill level 16 in Air Magic
 15695 | Orc:2    | Noticed an orc warlord
 15787 | Orc:2    | Slain by an orc warlord

Illustrated notes

Levels and vault maps discovered:
D:1:      wander_arrival_fairy_ring, layout_basic,
          hangedman_abyss_or_decor_stabs
D:2:      layout_basic, dreamdust_princess_corridor, grunt_ministairs_7
D:4:      layout_basic, nemelex_spade_bored_becter, nicolae_uskayaw_en_pointe,
          grunt_ministairs_6, minmay_cupped
D:5:      layout_loops_ring, gup_sewer_entry_bowl, uniq_prince_ribbit1
D:6:      layout_rooms, minmay_temple_entry_antechambers,
          minmay_manual_monstrance
D:7:      layout_loops_ring, gammafunk_ghost_necromancy, uniq_menkaure
D:8:      layout_cave_pools, minmay_lair_entry_grove,
          lightli_ossuary_entry_decrepit_ruins, enter_bailey_3, minivault_10,
          minmay_hollow_rounded_squares
D:9:      layout_roguey, grunt_temple_overflow_growth_and_decay, orc_0_dummy
Temple:   nicolae_temple_colour_theory
Orc:1:    layout_diamond_mine
Orc:2:    st_orc_congregation, layout_diamond_mine, serial_shops,
          nicolae_shop_trees

Skill      XL: |  1  2  3  4  5  6  7  8  9 10 11 12 |
---------------+-------------------------------------+-----
Conjurations   | 2 3 4 5 7 8 10 11 | 11.3
Fighting       | 1 2 3 4 5 |  5.0
Dodging        | 3 4 5 6 7 9 |  9.7
Spellcasting   | 3 4 5 |  5.0
Air Magic      | 5 6 7 8 10 13 15 16 | 16.1
Fire Magic     | 2 4 6 7 8 |  8.7
Stealth        | |  2.1

Action                   |  1- 3 |  4- 6 |  7- 9 | 10-12 || total
-------------------------+-------+-------+-------+-------++-------
Melee: Unarmed           |     5 |       |       |       ||     5
       Kick              |     2 |     1 |     7 |     8 ||    18
       Peck              |     2 |     1 |     3 |    10 ||    16
       Short sword       |     4 |       |       |       ||     4
       Falchion          |     2 |     9 |    12 |       ||    23
       Whip              |       |       |     8 |    49 ||    57
 Cast: Shock             |    57 |    76 |    84 |   179 ||   396
       Static Discharge  |       |     7 |    53 |    99 ||   159
       Airstrike         |       |       |     9 |   106 ||   115
       Iskenderun's Myst |       |       |     1 |     1 ||     2
       Stone Arrow       |       |       |       |     7 ||     7
       Starburst         |       |       |       |     4 ||     4
Evoke: Wand              |       |       |       |     1 ||     1
  Use: Scroll            |     4 |     4 |     4 |    11 ||    23
       Potion            |     1 |       |     1 |     5 ||     7
Armor: Robe              |     5 |     5 |     9 |    11 ||    30
       Skin              |       |       |       |     2 ||     2
Dodge: Dodged            |     6 |    25 |    73 |   159 ||   263
